[Event "ESTCC 65 2019"]
[Site "Mali Losinj"]
[Date "2019.09.23"]
[Round "6.32"]
[White "Ristoja, Aulikki"]
[Black "Cassidy, Sydney"]
[Result "1-0"]
[ECO "D00"]
[WhiteElo "1558"]
[BlackElo "1599"]
[Annotator "NA"]
[PlyCount "73"]
[EventDate "2019.09.18"]
[EventType "team-tourn"]
[EventCountry "CRO"]
[SourceTitle "playchess.com"]
[Source "ChessBase"]
[SourceQuality "1"]
[WhiteTeam "Finland"]
[BlackTeam "Ireland"]
[WhiteTeamCountry "FIN"]
[BlackTeamCountry "IRL"]
[TimeControl "40/5400+30:1800+30"]

1. d4 d5 2. Bf4 Nf6 3. e3 e6 4. Bd3 b6 5. c3 Ba6 6. Bxa6 Nxa6 7. Qa4+ c6 8. Qxa6 Qd7 9. Qe2 Be7 10. Nf3 O-O 11. Ne5 Qc8 12. Nd2 c5 13. dxc5 bxc5 14. O-O Qb7 15. Ndf3 Ne4 16. Qc2 f6 17. Nd3 e5 18. Bxe5 fxe5 19. Ndxe5 Bd6 20. Rad1 Rae8 21. Nd3 Re6 22. Nde1 Rh6 23. g3 Qf7 24. Qd3 Nf6 25. Ng5 Qh5 26. h4 Re8 27. c4 Qg4 28. Ng2 Re5 29. cxd5 Rxd5 30. Qb3 Qb4 31. Rxd5 Qxb3 32. axb3 Nxd5 33. Ra1 Bb8 34. Ne4 Rb6 35. Nxc5 Bd6 36. Ne4 a6 37. Rd1 1-0

[Event "ESTCC 65 2019"]
[Site "Mali Losinj"]
[Date "2019.09.24"]
[Round "7.2"]
[White "Kalegin, Evgenij"]
[Black "Nielsen, Jorgen Lovgren"]
[Result "1-0"]
[ECO "C65"]
[WhiteElo "2435"]
[BlackElo "2052"]
[Annotator "NA"]
[PlyCount "103"]
[EventDate "2019.09.18"]
[EventType "team-tourn"]
[EventCountry "CRO"]
[SourceTitle "playchess.com"]
[Source "ChessBase"]
[SourceQuality "1"]
[WhiteTeam "Russia"]
[BlackTeam "Denmark"]
[WhiteTeamCountry "RUS"]
[BlackTeamCountry "DEN"]
[TimeControl "40/5400+30:1800+30"]

1. e4 e5 2. Nf3 Nc6 3. Bb5 Nf6 4. Qe2 d6 5. O-O Be7 6. c3 O-O 7. d4 exd4 8. cxd4 Bg4 9. Bxc6 bxc6 10. Nc3 Re8 11. Re1 h6 12. Qd3 Nh7 13. Bf4 Ng5 14. Nxg5 Bxg5 15. Bg3 d5 16. exd5 Rxe1+ 17. Rxe1 cxd5 18. h3 Be6 19. Nb5 Rc8 20. Nxa7 Ra8 21. Nc6 Qe8 22. Qc3 Bd2 23. Qxd2 Qxc6 24. a3 Qb7 25. Re3 c6 26. Be5 Kh7 27. Rg3 g6 28. b4 Qe7 29. Qf4 Ra6 30. Bf6 Qd7 31. h4 Ra8 32. Re3 Re8 33. g4 Rg8 34. f3 Ra8 35. Kg2 Rg8 36. Kg3 Ra8 37. a4 Qc8 38. a5 Qb7 39. Qd6 Qb8 40. Qxb8 Rxb8 41. a6 Ra8 42. Ra3 Kg8 43. a7 Kf8 44. Be5 Ke8 45. Bb8 Kd8 46. Kf4 f6 47. Rc3 Bd7 48. Re3 g5+ 49. Kg3 f5 50. gxf5 gxh4+ 51. Kxh4 Bxf5 52. Kh5 1-0

[Event "ESTCC 65 2019"]
[Site "Mali Losinj"]
[Date "2019.09.24"]
[Round "7.3"]
[White "Nielsen, Preben Lovgren"]
[Black "Zhelnin, Vladimir V"]
[Result "0-1"]
[ECO "B93"]
[WhiteElo "2007"]
[BlackElo "2406"]
[Annotator "NA"]
[PlyCount "60"]
[EventDate "2019.09.18"]
[EventType "team-tourn"]
[EventCountry "CRO"]
[SourceTitle "playchess.com"]
[Source "ChessBase"]
[SourceQuality "1"]
[WhiteTeam "Denmark"]
[BlackTeam "Russia"]
[WhiteTeamCountry "DEN"]
[BlackTeamCountry "RUS"]
[TimeControl "40/5400+30:1800+30"]

1. e4 c5 2. Nf3 d6 3. d4 cxd4 4. Nxd4 Nf6 5. Nc3 a6 6. f4 e5 7. Nf3 Qc7 8. Bd3 Be7 9. O-O Be6 10. Kh1 Nbd7 11. Qe1 O-O 12. fxe5 dxe5 13. Nh4 Nc5 14. Nf5 Bxf5 15. Rxf5 Nxd3 16. cxd3 Qd6 17. Qg3 Rad8 18. Bh6 Ne8 19. Nd5 Rd7 20. Qxe5 gxh6 21. Qd4 Ng7 22. Rf3 f5 23. Raf1 Bf6 24. Qc4 Kh8 25. b4 Qc6 26. Qb3 h5 27. a4 Bd4 28. b5 axb5 29. axb5 Qc5 30. Rg3 fxe4 0-1

[Event "ESTCC 65 2019"]
[Site "Mali Losinj"]
[Date "2019.09.24"]
[Round "7.4"]
[White "Pushkov, Nikolai"]
[Black "Fabrin, Morten"]
[Result "1-0"]
[ECO "A43"]
[WhiteElo "2261"]
[BlackElo "1998"]
[Annotator "NA"]
[PlyCount "69"]
[EventDate "2019.09.18"]
[EventType "team-tourn"]
[EventCountry "CRO"]
[SourceTitle "playchess.com"]
[Source "ChessBase"]
[SourceQuality "1"]
[WhiteTeam "Russia"]
[BlackTeam "Denmark"]
[WhiteTeamCountry "RUS"]
[BlackTeamCountry "DEN"]
[TimeControl "40/5400+30:1800+30"]

1. d4 c5 2. d5 d6 3. e4 e6 4. Nc3 Nf6 5. Nf3 g6 6. Bb5+ Bd7 7. a4 e5 8. O-O Bg7 9. Bg5 a6 10. Bxd7+ Nbxd7 11. Nd2 O-O 12. Nc4 Qe7 13. a5 Rab8 14. Ra3 h6 15. Bh4 g5 16. Bg3 Ne8 17. Ne3 Nc7 18. Nf5 Qf6 19. h4 b5 20. axb6 Rxb6 21. b3 Rfb8 22. hxg5 hxg5 23. Ne3 Rb4 24. Nc4 Nb5 25. Nxb5 axb5 26. Nd2 Rd4 27. Qe2 g4 28. Ra7 Qg5 29. Rd1 Bh6 30. Rxd7 Rxd2 31. Rxd2 Qxd2 32. Qxg4+ Bg7 33. Rxd6 Qc1+ 34. Kh2 Ra8 35. Bxe5 1-0

[Event "ESTCC 65 2019"]
[Site "Mali Losinj"]
[Date "2019.09.24"]
[Round "7.5"]
[White "Werner, Clemens"]
[Black "Renman, Nils-Gustaf"]
[Result "1/2-1/2"]
[ECO "C11"]
[WhiteElo "2286"]
[BlackElo "2340"]
[Annotator "NA"]
[PlyCount "66"]
[EventDate "2019.09.18"]
[EventType "team-tourn"]
[EventCountry "CRO"]
[SourceTitle "playchess.com"]
[Source "ChessBase"]
[SourceQuality "1"]
[WhiteTeam "Germany"]
[BlackTeam "Sweden"]
[WhiteTeamCountry "GER"]
[BlackTeamCountry "SWE"]
[TimeControl "40/5400+30:1800+30"]

1. e4 e6 2. d4 d5 3. Nc3 Nf6 4. e5 Nfd7 5. f4 c5 6. Nf3 Nc6 7. Be3 a6 8. Qd2 b5 9. dxc5 Bxc5 10. Bd3 Qb6 11. Bf2 O-O 12. O-O h6 13. Kh1 Bxf2 14. Rxf2 Nc5 15. a3 Rd8 16. Rff1 Ne4 17. Qe1 Nxc3 18. Qxc3 d4 19. Qe1 Bb7 20. Qe4 g6 21. Qe1 Qc5 22. Nd2 Ne7 23. Qh4 Nf5 24. Bxf5 exf5 25. Qxh6 Qxc2 26. e6 Bxg2+ 27. Kxg2 Qxd2+ 28. Kh1 Qc2 29. exf7+ Kxf7 30. Qh7+ Kf6 31. Qh4+ Kf7 32. Qh7+ Kf6 33. Qh4+ Kf7 1/2-1/2

[Event "ESTCC 65 2019"]
[Site "Mali Losinj"]
[Date "2019.09.24"]
[Round "7.6"]
[White "Wahlbom, Magnus"]
[Black "Kierzek, Matthias"]
[Result "1/2-1/2"]
[ECO "B15"]
[WhiteElo "2255"]
[BlackElo "2186"]
[Annotator "NA"]
[PlyCount "60"]
[EventDate "2019.09.18"]
[EventType "team-tourn"]
[EventCountry "CRO"]
[SourceTitle "playchess.com"]
[Source "ChessBase"]
[SourceQuality "1"]
[WhiteTeam "Sweden"]
[BlackTeam "Germany"]
[WhiteTeamCountry "SWE"]
[BlackTeamCountry "GER"]
[TimeControl "40/5400+30:1800+30"]

1. e4 c6 2. d4 d5 3. Nc3 dxe4 4. Nxe4 Nf6 5. Nxf6+ exf6 6. c3 Bd6 7. Bd3 O-O 8. Ne2 Re8 9. O-O Nd7 10. Bf4 Nf8 11. Bxd6 Qxd6 12. Qd2 Ne6 13. Rfe1 Bd7 14. Rad1 Rad8 15. Bc2 Bc8 16. Ng3 Nf8 17. Rxe8 Rxe8 18. Re1 Rxe1+ 19. Qxe1 Be6 20. a3 g6 21. Ne4 Qe7 22. Qe3 Nd7 23. h3 Bf5 24. f3 Be6 25. Qf4 f5 26. Nd2 Bd5 27. Kf2 b5 28. Qc7 a6 29. Bd3 Qh4+ 30. Qg3 Qe7 1/2-1/2

[Event "ESTCC 65 2019"]
[Site "Mali Losinj"]
[Date "2019.09.24"]
[Round "7.7"]
[White "Herbrechtsmeier, Christof"]
[Black "Malmdin, Nils-Ake"]
[Result "1/2-1/2"]
[ECO "B36"]
[WhiteElo "2210"]
[BlackElo "2142"]
[Annotator "NA"]
[PlyCount "61"]
[EventDate "2019.09.18"]
[EventType "team-tourn"]
[EventCountry "CRO"]
[SourceTitle "playchess.com"]
[Source "ChessBase"]
[SourceQuality "1"]
[WhiteTeam "Germany"]
[BlackTeam "Sweden"]
[WhiteTeamCountry "GER"]
[BlackTeamCountry "SWE"]
[TimeControl "40/5400+30:1800+30"]

1. e4 c5 2. Nf3 Nc6 3. d4 cxd4 4. Nxd4 g6 5. c4 Nf6 6. Nc3 Nxd4 7. Qxd4 d6 8. Bg5 Bg7 9. Be2 h6 10. Be3 O-O 11. Qd2 Kh7 12. f3 Be6 13. Rc1 Qa5 14. b3 Nd7 15. Nd5 Qxd2+ 16. Kxd2 Bxd5 17. cxd5 Rfc8 18. Rxc8 Rxc8 19. Rc1 Rxc1 20. Kxc1 a6 21. Kc2 Kg8 22. b4 Kf8 23. b5 axb5 24. Kb3 Ke8 25. Bxb5 Kd8 26. Kb4 Kc7 27. a4 g5 28. h3 Be5 29. a5 Bg7 30. Bf2 Be5 31. Be3 1/2-1/2

[Event "ESTCC 65 2019"]
[Site "Mali Losinj"]
[Date "2019.09.24"]
[Round "7.8"]
[White "Friberg, Hans"]
[Black "Kiefer, Gerhard"]
[Result "1/2-1/2"]
[ECO "D38"]
[WhiteElo "2119"]
[BlackElo "2227"]
[Annotator "NA"]
[PlyCount "60"]
[EventDate "2019.09.18"]
[EventType "team-tourn"]
[EventCountry "CRO"]
[SourceTitle "playchess.com"]
[Source "ChessBase"]
[SourceQuality "1"]
[WhiteTeam "Sweden"]
[BlackTeam "Germany"]
[WhiteTeamCountry "SWE"]
[BlackTeamCountry "GER"]
[TimeControl "40/5400+30:1800+30"]

1. Nf3 d5 2. d4 Nf6 3. c4 e6 4. Nc3 Bb4 5. cxd5 exd5 6. Bg5 h6 7. Bh4 g5 8. Bg3 Ne4 9. Nd2 Nxg3 10. hxg3 c6 11. Qc2 Qf6 12. e3 Bf5 13. Bd3 Bxd3 14. Qxd3 Nd7 15. Rc1 Qe6 16. a3 Be7 17. Kf1 f5 18. Nf3 Kf7 19. Na4 Kg7 20. Nc5 Nxc5 21. dxc5 Qe4 22. Ke2 Bf6 23. Nd4 Bxd4 24. Qxd4+ Qxd4 25. exd4 Rae8+ 26. Kd3 Re7 27. Rhe1 Rhe8 28. Rxe7+ Rxe7 29. b4 a6 30. a4 Kf6 1/2-1/2

[Event "ESTCC 65 2019"]
[Site "Mali Losinj"]
[Date "2019.09.24"]
[Round "7.9"]
[White "Grahn, Lars"]
[Black "Rantanen, Yrjo A."]
[Result "0-1"]
[ECO "E46"]
[WhiteElo "2024"]
[BlackElo "2309"]
[Annotator "NA"]
[PlyCount "96"]
[EventDate "2019.09.18"]
[EventType "team-tourn"]
[EventCountry "CRO"]
[SourceTitle "playchess.com"]
[Source "ChessBase"]
[SourceQuality "1"]
[WhiteTeam "Sweden"]
[BlackTeam "Finland"]
[WhiteTeamCountry "SWE"]
[BlackTeamCountry "FIN"]
[TimeControl "40/5400+30:1800+30"]

1. d4 Nf6 2. c4 e6 3. Nc3 Bb4 4. e3 O-O 5. Nge2 d5 6. a3 Be7 7. Ng3 c5 8. dxc5 Bxc5 9. cxd5 exd5 10. Be2 Nc6 11. O-O a6 12. b4 Ba7 13. b5 Ne5 14. Bb2 Re8 15. Qc2 Be6 16. Rad1 Qc7 17. Qb1 Nc4 18. Bxc4 Qxc4 19. bxa6 bxa6 20. Nce2 Ne4 21. Nxe4 dxe4 22. Nd4 Bg4 23. Rc1 Qd5 24. h3 Bd7 25. Ne2 Qf5 26. Bd4 Bb5 27. Rfe1 Bb8 28. f4 Qg6 29. Rc5 f6 30. Qb3+ Kh8 31. Rc2 Bd6 32. Bc5 Bc7 33. Nd4 Bd3 34. Rcc1 Rab8 35. Qc3 Rb7 36. Nc6 h5 37. Nb4 Bb5 38. Nd5 Bb8 39. Bd4 Rd7 40. Nb4 Bd6 41. Qb3 Bxf4 42. a4 Qg3 43. axb5 Rxd4 44. Kf1 Rd2 45. Re2 Rxe2 46. Kxe2 Qxg2+ 47. Kd1 Rd8+ 48. Nd5 Bxe3 0-1

[Event "ESTCC 65 2019"]
[Site "Mali Losinj"]
[Date "2019.09.24"]
[Round "7.10"]
[White "Westerinen, Heikki M.J."]
[Black "Wademark, Helge"]
[Result "1-0"]
[ECO "C07"]
[WhiteElo "2296"]
[BlackElo "1994"]
[Annotator "NA"]
[PlyCount "55"]
[EventDate "2019.09.18"]
[EventType "team-tourn"]
[EventCountry "CRO"]
[SourceTitle "playchess.com"]
[Source "ChessBase"]
[SourceQuality "1"]
[WhiteTeam "Finland"]
[BlackTeam "Sweden"]
[WhiteTeamCountry "FIN"]
[BlackTeamCountry "SWE"]
[TimeControl "40/5400+30:1800+30"]

1. e4 e6 2. d4 d5 3. Nd2 a6 4. Ngf3 c5 5. exd5 Qxd5 6. Nc4 Nd7 7. Ne3 Qc6 8. d5 exd5 9. Qxd5 Ne7 10. Qxc6 Nxc6 11. Nd5 Bd6 12. Be3 Ne7 13. O-O-O Nxd5 14. Rxd5 Be7 15. Rd2 b6 16. Bc4 Ra7 17. Re1 O-O 18. Bf4 Bf6 19. Bd6 Rd8 20. Rde2 Nf8 21. Be7 Bxe7 22. Rxe7 Rxe7 23. Rxe7 Ne6 24. Ne5 Rf8 25. Nxf7 Rxf7 26. Re8+ Rf8 27. Rxc8 Kf7 28. Bxe6+ 1-0

[Event "ESTCC 65 2019"]
[Site "Mali Losinj"]
[Date "2019.09.24"]
[Round "7.11"]
[White "Bernhardsson, Sten"]
[Black "Kivimaki, Jaakko"]
[Result "1-0"]
[ECO "D21"]
[WhiteElo "1956"]
[BlackElo "2195"]
[Annotator "NA"]
[PlyCount "41"]
[EventDate "2019.09.18"]
[EventType "team-tourn"]
[EventCountry "CRO"]
[SourceTitle "playchess.com"]
[Source "ChessBase"]
[SourceQuality "1"]
[WhiteTeam "Sweden"]
[BlackTeam "Finland"]
[WhiteTeamCountry "SWE"]
[BlackTeamCountry "FIN"]
[TimeControl "40/5400+30:1800+30"]

1. d4 d5 2. Nf3 c5 3. c4 dxc4 4. e3 cxd4 5. Bxc4 Qc7 6. Qb3 e6 7. exd4 Nf6 8. O-O Nc6 9. Bb5 Bd7 10. Nc3 Be7 11. Bg5 O-O 12. Rac1 Ng4 13. Ne4 Bxg5 14. Nexg5 Qd6 15. Qd3 Nf6 16. Bxc6 Bxc6 17. Ne5 Bd5 18. Ng4 Ne4 19. Nxe4 Bxe4 20. Qxe4 f5 21. Qe5 1-0

[Event "ESTCC 65 2019"]
[Site "Mali Losinj"]
[Date "2019.09.24"]
[Round "7.12"]
[White "Vinke, Dietmar"]
[Black "Nordenstrom, Sven"]
[Result "1-0"]
[ECO "E07"]
[WhiteElo "2129"]
[BlackElo "1874"]
[Annotator "NA"]
[PlyCount "65"]
[EventDate "2019.09.18"]
[EventType "team-tourn"]
[EventCountry "CRO"]
[SourceTitle "playchess.com"]
[Source "ChessBase"]
[SourceQuality "1"]
[WhiteTeam "Finland"]
[BlackTeam "Sweden"]
[WhiteTeamCountry "FIN"]
[BlackTeamCountry "SWE"]
[TimeControl "40/5400+30:1800+30"]

1. d4 d5 2. Nf3 c6 3. g3 e6 4. Bg2 Nf6 5. O-O Be7 6. b3 O-O 7. Bb2 Nbd7 8. e3 b6 9. c4 Bb7 10. Nbd2 Rc8 11. Rc1 Re8 12. Re1 c5 13. cxd5 exd5 14. Ne5 Rc7 15. a3 Bd6 16. Nxd7 Nxd7 17. Nb1 cxd4 18. Rxc7 Bxc7 19. Bxd4 Be5 20. Nc3 Bxd4 21. Qxd4 Nc5 22. b4 Ne4 23. Nxe4 dxe4 24. Rd1 Qxd4 25. Rxd4 f5 26. Rd7 Rb8 27. Bf1 h6 28. h4 a5 29. b5 Kh7 30. h5 Ba8 31. Rd6 Rc8 32. Rxb6 Bd5 33. Bh3 1-0

[Event "ESTCC 65 2019"]
[Site "Mali Losinj"]
[Date "2019.09.24"]
[Round "7.13"]
[White "Rooze, Jan"]
[Black "Quinn, John M"]
[Result "0-1"]
[ECO "B48"]
[WhiteElo "2281"]
[BlackElo "2105"]
[Annotator "NA"]
[PlyCount "80"]
[EventDate "2019.09.18"]
[EventType "team-tourn"]
[EventCountry "CRO"]
[SourceTitle "playchess.com"]
[Source "ChessBase"]
[SourceQuality "1"]
[WhiteTeam "Belgium"]
[BlackTeam "England"]
[WhiteTeamCountry "BEL"]
[BlackTeamCountry "ENG"]
[TimeControl "40/5400+30:1800+30"]

1. e4 c5 2. Nf3 e6 3. d4 cxd4 4. Nxd4 Nc6 5. Nc3 Qc7 6. Be3 a6 7. Qf3 Nf6 8. O-O-O d6 9. Nxc6 Qxc6 10. Be2 Be7 11. Qg3 O-O 12. Bh6 Ne8 13. h4 Kh8 14. Bg5 f6 15. Be3 b5 16. Bd3 b4 17. Ne2 e5 18. Kb1 Be6 19. f4 Nc7 20. c4 Bxc4 21. fxe5 dxe5 22. Ka1 Be6 23. Rc1 Qa4 24. Bb1 Nb5 25. Bc5 Bxc5 26. Rxc5 Rac8 27. Rhc1 Rxc5 28. Rxc5 Qd1 29. Qd3 Rd8 30. Qxd1 Rxd1 31. Rc6 Bg4 32. Rxa6 h5 33. a4 Bxe2 34. axb5 Bxb5 35. Ra8+ Kh7 36. Ka2 Bc4+ 37. b3 Rd2+ 38. Ka1 Bxb3 39. Rb8 Rd4 40. Kb2 Be6 0-1

[Event "ESTCC 65 2019"]
[Site "Mali Losinj"]
[Date "2019.09.24"]
[Round "7.14"]
[White "Hewson, Brian W R"]
[Black "Van Herck, Marcel"]
[Result "1/2-1/2"]
[ECO "D41"]
[WhiteElo "2074"]
[BlackElo "2088"]
[Annotator "NA"]
[PlyCount "61"]
[EventDate "2019.09.18"]
[EventType "team-tourn"]
[EventCountry "CRO"]
[SourceTitle "playchess.com"]
[Source "ChessBase"]
[SourceQuality "1"]
[WhiteTeam "England"]
[BlackTeam "Belgium"]
[WhiteTeamCountry "ENG"]
[BlackTeamCountry "BEL"]
[TimeControl "40/5400+30:1800+30"]

1. Nf3 d5 2. d4 Nf6 3. c4 e6 4. Nc3 c5 5. cxd5 Nxd5 6. e4 Nxc3 7. bxc3 cxd4 8. cxd4 Bb4+ 9. Bd2 Bxd2+ 10. Qxd2 O-O 11. Bc4 Nd7 12. O-O b6 13. Qe2 Bb7 14. Ba6 Bxa6 15. Qxa6 Nf6 16. Rfe1 Qc8 17. Qd3 h6 18. Rac1 Qb7 19. Nd2 Rac8 20. f3 Rxc1 21. Rxc1 Rc8 22. Rxc8+ Qxc8 23. Qc4 Qxc4 24. Nxc4 Ne8 25. Kf2 f6 26. Ke3 Kf7 27. Kd3 Ke7 28. Kc3 Nd6 29. a4 Nxc4 30. Kxc4 a6 31. h4 1/2-1/2

[Event "ESTCC 65 2019"]
[Site "Mali Losinj"]
[Date "2019.09.24"]
[Round "7.15"]
[White "Van de Wynkele, Herman"]
[Black "Reuben, Stewart"]
[Result "1/2-1/2"]
[ECO "B20"]
[WhiteElo "2085"]
[BlackElo "1983"]
[Annotator "NA"]
[PlyCount "114"]
[EventDate "2019.09.18"]
[EventType "team-tourn"]
[EventCountry "CRO"]
[SourceTitle "playchess.com"]
[Source "ChessBase"]
[SourceQuality "1"]
[WhiteTeam "Belgium"]
[BlackTeam "England"]
[WhiteTeamCountry "BEL"]
[BlackTeamCountry "ENG"]
[TimeControl "40/5400+30:1800+30"]

1. e4 c5 2. Ne2 g6 3. d4 Bg7 4. dxc5 Na6 5. Nbc3 Nxc5 6. Be3 Qa5 7. Qd2 Nf6 8. b4 Qxb4 9. Rb1 Qa3 10. Nb5 Qxa2 11. Nec3 Ncxe4 12. Nxa2 Nxd2 13. Kxd2 Nd5 14. c4 Nxe3 15. Nc7+ Kd8 16. Nxa8 Nxf1+ 17. Rhxf1 Bd4 18. Nc3 d6 19. Nb5 Bc5 20. Ra1 Be6 21. Kc3 a6 22. Nbc7 Kd7 23. Rfb1 Kc6 24. Rb2 Rc8 25. Rab1 Bf5 26. Nd5 Rxa8 27. Nxe7+ Kd7 28. Rxb7+ Ke6 29. Nd5 Bxb1 30. Nc7+ Kf6 31. Nxa8 Be4 32. Rb8 Bxg2 33. Nc7 a5 34. Rb2 Kf5 35. Na6 Ba7 36. c5 dxc5 37. Nxc5 Bxc5 38. Rb5 Kf4 39. Rxc5 Kf3 40. Rxa5 Kxf2 41. Ra2+ Kf3 42. Ra7 f5 43. Rxh7 g5 44. Kd2 g4 45. Ke1 Bh3 46. Rb7 f4 47. Rb2 g3 48. hxg3 fxg3 49. Ra2 Bg2 50. Ra3+ Kg4 51. Ra7 Kf3 52. Rh7 Ke3 53. Rf7 Bd5 54. Re7+ Be4 55. Kf1 g2+ 56. Kg1 Kf3 57. Ra7 Ke3 1/2-1/2

[Event "ESTCC 65 2019"]
[Site "Mali Losinj"]
[Date "2019.09.24"]
[Round "7.16"]
[White "Ewart, Brian R"]
[Black "Schrickx, Frank"]
[Result "1/2-1/2"]
[ECO "E07"]
[WhiteElo "1882"]
[BlackElo "1813"]
[Annotator "NA"]
[PlyCount "120"]
[EventDate "2019.09.18"]
[EventType "team-tourn"]
[EventCountry "CRO"]
[SourceTitle "playchess.com"]
[Source "ChessBase"]
[SourceQuality "1"]
[WhiteTeam "England"]
[BlackTeam "Belgium"]
[WhiteTeamCountry "ENG"]
[BlackTeamCountry "BEL"]
[TimeControl "40/5400+30:1800+30"]

1. d4 d5 2. Nf3 Nf6 3. c4 e6 4. g3 c6 5. Bg2 Be7 6. O-O O-O 7. b3 Nbd7 8. Bb2 Ne4 9. Ne1 f5 10. f3 Nef6 11. Nd3 Rb8 12. Nd2 Qe8 13. Qc2 Bd6 14. e4 dxe4 15. fxe4 Ng4 16. Rae1 Qh5 17. Nf3 fxe4 18. Rxe4 Ndf6 19. Re2 Qh6 20. Bc1 Qg6 21. Nh4 Qf7 22. Ne5 Qc7 23. Nhf3 c5 24. h3 Nh6 25. g4 Nf7 26. Nxf7 Rxf7 27. Ng5 Rf8 28. Nxe6 Bxe6 29. Rxe6 cxd4 30. g5 Nh5 31. Rxd6 Qxd6 32. Bd5+ Kh8 33. Bf7 Qg3+ 34. Qg2 Qxg2+ 35. Kxg2 g6 36. Bb2 Ng7 37. Bxd4 Rbd8 38. Bxa7 Rd7 39. Bd5 Rxf1 40. Kxf1 Nf5 41. Kf2 Kg7 42. Bb8 h6 43. Be5+ Kh7 44. Bf6 hxg5 45. Bxg5 b5 46. Be6 Ra7 47. Bxf5 Rxa2+ 48. Ke3 gxf5 49. Kd4 Kg6 50. h4 bxc4 51. bxc4 Kf7 52. Kd5 Ke8 53. c5 Kd7 54. c6+ Kc8 55. Bf4 Rf2 56. Bg3 Rf3 57. Be5 Rf1 58. Bg7 f4 59. Ke4 f3 60. Ke3 f2 1/2-1/2

[Event "ESTCC 65 2019"]
[Site "Mali Losinj"]
[Date "2019.09.24"]
[Round "7.17"]
[White "Huss, Andreas"]
[Black "Kolbak, Jens"]
[Result "1/2-1/2"]
[ECO "D58"]
[WhiteElo "2261"]
[BlackElo "2173"]
[Annotator "NA"]
[PlyCount "60"]
[EventDate "2019.09.18"]
[EventType "team-tourn"]
[EventCountry "CRO"]
[SourceTitle "playchess.com"]
[Source "ChessBase"]
[SourceQuality "1"]
[WhiteTeam "Switzerland"]
[BlackTeam "Denmark"]
[WhiteTeamCountry "SUI"]
[BlackTeamCountry "DEN"]
[TimeControl "40/5400+30:1800+30"]

1. d4 Nf6 2. c4 e6 3. Nf3 d5 4. Nc3 Be7 5. Bg5 O-O 6. e3 h6 7. Bh4 b6 8. Qb3 Bb7 9. Bxf6 Bxf6 10. cxd5 exd5 11. Rd1 c6 12. Bd3 Na6 13. O-O Nc7 14. e4 dxe4 15. Bxe4 Qd6 16. Rfe1 Rad8 17. Qa4 a6 18. Qc2 Nd5 19. Qb3 b5 20. a4 b4 21. Nxd5 cxd5 22. Bd3 a5 23. Bb5 Rc8 24. g3 Rc7 25. Bf1 Bc8 26. Rc1 Be6 27. Rxc7 Qxc7 28. Qe3 Rc8 29. Bd3 Kf8 30. h4 Bd7 1/2-1/2

[Event "ESTCC 65 2019"]
[Site "Mali Losinj"]
[Date "2019.09.24"]
[Round "7.18"]
[White "Olesen, Poul Erik Norgaard"]
[Black "Vucenovic, Dragomir"]
[Result "0-1"]
[ECO "C77"]
[WhiteElo "1996"]
[BlackElo "2154"]
[Annotator "NA"]
[PlyCount "84"]
[EventDate "2019.09.18"]
[EventType "team-tourn"]
[EventCountry "CRO"]
[SourceTitle "playchess.com"]
[Source "ChessBase"]
[SourceQuality "1"]
[WhiteTeam "Denmark"]
[BlackTeam "Switzerland"]
[WhiteTeamCountry "DEN"]
[BlackTeamCountry "SUI"]
[TimeControl "40/5400+30:1800+30"]

1. e4 e5 2. Nf3 Nc6 3. Bb5 a6 4. Ba4 d6 5. Bxc6+ bxc6 6. Nc3 Nf6 7. O-O Be7 8. Re1 c5 9. d3 h6 10. b3 O-O 11. h3 c6 12. Ne2 Re8 13. g4 h5 14. g5 Nh7 15. h4 g6 16. Nh2 Qd7 17. f4 Qh3 18. Rf1 Qxh4 19. Bd2 exf4 20. Rxf4 Qxg5+ 21. Kh1 Bh3 22. Rg4 Qe5 23. Rg3 Bg4 24. Nxg4 hxg4 25. Bc3 Qh5+ 26. Kg2 Bf6 27. Bxf6 Nxf6 28. Qf1 Qe5 29. c3 Kg7 30. Qf2 d5 31. Rf1 Qg5 32. Qxc5 Rh8 33. Qd4 Rae8 34. Rf4 Qe5 35. Qc5 dxe4 36. Qxc6 exd3 37. Rxf6 Qxf6 38. Qxf6+ Kxf6 39. Nd4 Rh3 40. Rxg4 Rhe3 41. Rf4+ Kg7 42. Rf2 Re2 0-1

[Event "ESTCC 65 2019"]
[Site "Mali Losinj"]
[Date "2019.09.24"]
[Round "7.19"]
[White "Hohler, Peter"]
[Black "Jorgensen, Arne Bjorn"]
[Result "1-0"]
[ECO "A26"]
[WhiteElo "2047"]
[BlackElo "1996"]
[Annotator "NA"]
[PlyCount "63"]
[EventDate "2019.09.18"]
[EventType "team-tourn"]
[EventCountry "CRO"]
[SourceTitle "playchess.com"]
[Source "ChessBase"]
[SourceQuality "1"]
[WhiteTeam "Switzerland"]
[BlackTeam "Denmark"]
[WhiteTeamCountry "SUI"]
[BlackTeamCountry "DEN"]
[TimeControl "40/5400+30:1800+30"]

1. c4 f5 2. Nc3 Nf6 3. g3 g6 4. Bg2 Bg7 5. d3 O-O 6. e4 d6 7. Nge2 Nc6 8. O-O e5 9. Nd5 Be6 10. Bg5 Qd7 11. Qd2 Rab8 12. Rac1 b6 13. b4 Nd4 14. Nxd4 exd4 15. Bxf6 Bxf6 16. exf5 Bxf5 17. Nxf6+ Rxf6 18. b5 Qg7 19. Rce1 Rff8 20. Re2 Rfe8 21. Rfe1 Rxe2 22. Qxe2 Rf8 23. Be4 Kh8 24. Bxf5 Rxf5 25. Qe6 Re5 26. Qe8+ Rxe8 27. Rxe8+ Qg8 28. Rxg8+ Kxg8 29. Kg2 Kf7 30. Kf3 Ke6 31. Ke4 g5 32. g4 1-0

[Event "ESTCC 65 2019"]
[Site "Mali Losinj"]
[Date "2019.09.24"]
[Round "7.20"]
[White "Mortensen, Steen Juul"]
[Black "Staechelin, Ruedi"]
[Result "1-0"]
[ECO "D15"]
[WhiteElo "1892"]
[BlackElo "2002"]
[Annotator "NA"]
[PlyCount "61"]
[EventDate "2019.09.18"]
[EventType "team-tourn"]
[EventCountry "CRO"]
[SourceTitle "playchess.com"]
[Source "ChessBase"]
[SourceQuality "1"]
[WhiteTeam "Denmark"]
[BlackTeam "Switzerland"]
[WhiteTeamCountry "DEN"]
[BlackTeamCountry "SUI"]
[TimeControl "40/5400+30:1800+30"]

1. d4 d5 2. c4 c6 3. Nf3 Nf6 4. Nc3 a6 5. a4 Bf5 6. Qb3 Ra7 7. a5 e6 8. Qb6 Qxb6 9. axb6 Ra8 10. c5 Nfd7 11. b4 f6 12. Nd2 e5 13. e3 Nxb6 14. cxb6 Bxb4 15. Bb2 exd4 16. exd4 Nd7 17. Na4 Bc2 18. Nc5 Bxc5 19. dxc5 Nxc5 20. Rc1 Nd3+ 21. Bxd3 Bxd3 22. Nb3 Bb5 23. Nc5 O-O 24. Kd2 Rf7 25. Rhe1 a5 26. Ne6 a4 27. Ba3 Bc4 28. Nc7 Rc8 29. Re7 Rxe7 30. Bxe7 Kf7 31. Re1 1-0

[Event "ESTCC 65 2019"]
[Site "Mali Losinj"]
[Date "2019.09.24"]
[Round "7.21"]
[White "Karppinen, Martti"]
[Black "Beilfuss, Wilfried"]
[Result "0-1"]
[ECO "A32"]
[WhiteElo "1925"]
[BlackElo "2192"]
[Annotator "NA"]
[PlyCount "68"]
[EventDate "2019.09.18"]
[EventType "team-tourn"]
[EventCountry "CRO"]
[SourceTitle "playchess.com"]
[Source "ChessBase"]
[SourceQuality "1"]
[WhiteTeam "Finland"]
[BlackTeam "Germany"]
[WhiteTeamCountry "FIN"]
[BlackTeamCountry "GER"]
[TimeControl "40/5400+30:1800+30"]

1. d4 Nf6 2. c4 e6 3. g3 c5 4. Nf3 cxd4 5. Nxd4 Qc7 6. Qb3 Bc5 7. Be3 Ng4 8. Nd2 Nxe3 9. fxe3 Nc6 10. Nb5 Qb6 11. Ne4 Bb4+ 12. Kf2 O-O 13. Bg2 a6 14. Nbd6 f5 15. Ng5 Na5 16. Nxc8 Raxc8 17. Qd3 Nxc4 18. Rhc1 d5 19. Nxe6 Ne5 20. Qd4 Ng4+ 21. Kg1 Qxd4 22. exd4 Bd2 23. Rxc8 Rxc8 24. Bxd5 Rc2 25. Bb3 Rxb2 26. h3 Nf6 27. Nf4+ Kf8 28. Ne6+ Kf7 29. Nd8+ Ke7 30. Nxb7 Be3+ 31. Kf1 Ne4 32. g4 f4 33. Na5 Ng3+ 34. Kg2 Rxe2+ 0-1